 Dungeon Crawl Stone Soup version 0.27.1-4-g1640c2035a (webtiles) character file.

Game seed: 2053731547712290513

47 bearlyready the Bolt Thrower (level 3, -1/21 HPs)
             Began as a Kobold Hunter on Nov 16, 2021.
             Slain by Jessica (3 damage)
             ... on level 2 of the Dungeon.
             The game lasted 00:02:39 (1704 turns).

bearlyready the Bolt Thrower (Kobold Hunter)        Turns: 1704, Time: 00:02:40

Health: -1/21      AC:  3    Str:  6 (9)  XL:     3   Next: 97%
Magic:  3/3        EV: 14    Int: 11 (12) God:
Gold:   166        SH:  0    Dex: 15 (16) Spells: 2/2 levels left

rFire    . . .     SeeInvis .   b - +0 dagger (drain)
rCold    . . .     Faith    .   (shield restricted)
rNeg     . . .     Spirit   .   c - +0 leather armour
rPois    .         Reflect  .   (no helmet)
rElec    .         Harm     .   (no cloak)
rCorr    .         Rampage  .   (no gloves)
Will     .....                  (no boots)
Stlth    +++.......             (no amulet)
HPRegen  0.07/turn              (no ring)
MPRegen  0.08/turn              (no ring)

@: no status effects
A: small, no large weapons, nightstalker 3
a: no special abilities


You were on level 2 of the Dungeon.
You visited 1 branch of the dungeon, and saw 2 of its levels.

You collected 166 gold pieces.

Inventory:

Hand Weapons
 a - a +1 hand crossbow
 b - a +0 dagger of draining (weapon)
 f - a +0 short sword
Missiles
 d - 97 bolts
 l - 21 poisoned darts (quivered)
Armour
 c - a +0 leather armour (worn)
Scrolls
 e - 4 scrolls of identify {unknown}
 g - 2 scrolls of brand weapon {unknown}
 h - a scroll of noise {unknown}
 i - a scroll of teleportation {unknown}
 k - 3 scrolls of enchant armour {unknown}


   Skills:
 - Level 2.1 Fighting
 + Level 2.7 Short Blades
 + Level 5.6 Crossbows
 - Level 2.4 Dodging
 + Level 1.9 Stealth


You had 2 spell levels left.
You didn't know any spells.
Your spell library was empty.

Dungeon Overview and Level Annotations

Branches:
Dungeon (2/15)

Altars:

Annotations:
D:2 Jessica


Innate Abilities, Weirdness & Mutations

You are small and have problems with some larger weapons.
You are completely attuned to the shadows.


Message History

You hit Jessica.
Jessica is moderately wounded.
The quokka closely misses you. Jessica hits you but does no damage.
You hit Jessica.
Jessica is heavily wounded.
The quokka barely misses you. Jessica hits you with a +0 dagger.
Your leather armour prevents you from hitting Jessica.
Jessica is heavily wounded.
The quokka barely misses you. Jessica closely misses you.
You hit Jessica but do no damage.
Jessica is heavily wounded.
The quokka bites you.
Jessica very coldly says, "I hate your company."
Jessica gestures wildly while chanting.
Jessica blinks!
The quokka completely misses you.
Jessica gestures wildly while chanting.
Jessica seems to speed up.
You barely miss the quokka. The quokka bites you.
You closely miss the quokka. The quokka closely misses you.
Jessica closely misses you.
It was a potion of degeneration.
There was something very wrong with that liquid.
You feel weakened.
You feel dopey.
You feel clumsy. Jessica misses you. The quokka bites you.
Jessica hits you with a +0 dagger.
* * * LOW HITPOINT WARNING * * *
The quokka misses you.
You hit Jessica.
Jessica is almost dead.
Jessica hits you with a +0 dagger.
* * * LOW HITPOINT WARNING * * *
The quokka closely misses you.
You barely miss Jessica.
Jessica is almost dead.
Jessica hits you with a +0 dagger.
* * * LOW HITPOINT WARNING * * *
You barely miss Jessica.
Jessica is almost dead.
Jessica hits you with a +0 dagger.
You die...

########## #........
#....##.# #....##.####
#..........##
#...........#
#...#####...#
#..##.@.##.)##
#..#.@r..#...###
#..#?....#.....####
#..#.....#.........
#..##...##..##.########
##..##'##...##..###...#
##.......#..##..##...#
##.....###..........#
##########..##
######.....#


You could see Jessica (fast) and a quokka.

Vanquished Creatures
  An adder (D:2)
  3 dart slugs
  3 bats
  2 endoplasms (D:1)
  7 goblins (D:1)
  4 hobgoblins
  A quokka (D:1)
  3 ball pythons (D:1)
  2 frilled lizards
  3 kobolds (D:1)
  2 rats (D:2)
31 creatures vanquished.

Notes
Turn   | Place    | Note
-------+----------+-------------------------------------------
     0 | D:1      | bearlyready the Kobold Hunter began the quest for the Orb.
     0 | D:1      | Reached XP level 1. HP: 12/12 MP: 1/1
   155 | D:1      | Reached skill level 1 in Short Blades
   155 | D:1      | Reached skill level 5 in Crossbows
   214 | D:1      | Reached XP level 2. HP: 13/17 MP: 2/2
   675 | D:1      | Reached XP level 3. HP: 18/21 MP: 3/3
  1690 | D:2      | Noticed Jessica
  1704 | D:2      | Slain by Jessica

Illustrated notes

Levels and vault maps discovered:
D:1:      saegor_arrival_under_anarchy, layout_loops_ring,
          minmay_misc_feat_more_columns, amcnicky_mini_corridor_feature,
          palyth_stone_intersect, wander_ebering_terrifying_dragon_lair
D:2:      layout_rooms, serial_shops, shop,
          hellmonk_ecumenical_altar_crossroads, kennysheep_jessica_study

Skill      XL: |  1  2 |
---------------+-------+-----
Short Blades   | 1 2 |  2.7
Crossbows      | 5 |  5.6
Fighting       | |  2.1
Dodging        | |  2.4
Stealth        | |  1.9

Action                   || total
-------------------------++-------
Melee: Short sword       ||    16
       Dagger            ||    62
 Fire: Hand crossbow     ||     8
  Use: Potion            ||     1
 Stab: Sleeping          ||     9
Armor: Leather armour    ||     7
Dodge: Dodged            ||    38
